 Dungeon Crawl Stone Soup version 0.31-a0-343-g456c268693 (webtiles) character file.

Game seed: 1964746402815725242

408 AdnanSaban the Trooper (level 6, -10/40 HPs)
             Began as a Gargoyle Fighter on July 21, 2023.
             Splashed by a jelly's acid (11 damage)
             ... in a sewer.
             The game lasted 00:04:56 (3671 turns).

AdnanSaban the Trooper (Gargoyle Fighter)           Turns: 3671, Time: 00:04:57

Health: -10/40     AC:  7    Str: 21    XL:     6   Next: 88%
Magic:  6/6        EV:  5    Int:  9    God:
Gold:   302        SH:  8    Dex:  9    Spells: 5/5 levels left

rFire   . . .        a - +0 flail
rCold   . . .        h - +0 kite shield
rNeg    + . .        f - +0 plate armour
rPois   ∞            q - +0 helmet
rElec   +            (no cloak)
rCorr   .            p - +1 pair of gloves
SInv    .            (no boots)
Will    .....        (no amulet) Stlth
                     (no ring)
HPRegen 0.26/turn    (no ring)
MPRegen 0.10/turn

%: no passive effects
@: corroded
A: sickness immunity, AC +4, negative energy resistance 1, electricity
resistance, torment resistance 1, petrification resistance
a: no special abilities


You were in a sewer.
You visited 1 branch of the dungeon, and saw 5 of its levels.
You also visited: Sewer.

You collected 302 gold pieces.

Inventory:

Hand Weapons
 a - a +0 flail (weapon)
Missiles
 o - 2 silver javelins (quivered)
Armour
 f - a +0 plate armour (worn)
 h - a +0 kite shield (worn)
 p - a +1 pair of gloves (worn)
 q - a +0 helmet (worn)
Scrolls
 b - a scroll of enchant armour {unknown}
 j - a scroll of fear {unknown}
 k - 5 scrolls of identify {unknown}
 l - a scroll of amnesia {unknown}
 v - a scroll of butterflies {unknown}
 w - a scroll of fog {unknown}
 x - a scroll of teleportation {unknown}
 y - a scroll of vulnerability {unknown}
Potions
 c - 5 potions of heal wounds {unknown}
 d - a potion of might
 e - a potion of haste {unknown}
 g - 4 potions of curing {unknown}
 i - 2 potions of mutation {unknown}
 m - 2 potions of brilliance {unknown}
 n - a potion of degeneration {unknown}
 r - a potion of ambrosia {unknown}
 s - a potion of enlightenment {unknown}
 t - a potion of attraction {unknown}
 u - 2 potions of cancellation {unknown}
 z - 2 potions of resistance {unknown}
 A - a potion of invisibility {unknown}


   Skills:
 + Level 4.9 Fighting
 + Level 4.5 Maces & Flails
 + Level 4.5 Armour
 + Level 4.7 Shields


You had 5 spell levels left.
You didn't know any spells.
Your spell library contained the following spells:

 Spells                   Type           Power      Damage    Failure   Level
 Gell's Gravitas          Tloc           0%         N/A       100%        3
 Teleport Other           Tloc           0%         N/A       100%        3
 Dispersal                Tloc           0%         N/A       100%        6


Dungeon Overview and Level Annotations

Branches:
Dungeon (5/15)              Sewer (1/1)
 Temple: D:4-7

Altars:


Innate Abilities, Weirdness & Mutations

You are immune to sickness and miasma.
Your stone body is resilient. (AC +4)
You are immune to poison.
You resist negative energy. (rN+)
You are resistant to electric shocks. (rElec)
You are resistant to unholy torment.
You are immune to petrification.


Message History

You are too injured to fight recklessly!
You are too injured to fight recklessly!
You are too injured to fight recklessly!
You are too injured to fight recklessly!
You are too injured to fight recklessly!
You are too injured to fight recklessly!
You are too injured to fight recklessly!
You are too injured to fight recklessly!
You are too injured to fight recklessly!
You are too injured to fight recklessly!
You are too injured to fight recklessly!
You are too injured to fight recklessly!
You are too injured to fight recklessly!
You are too injured to fight recklessly!
You are too injured to fight recklessly!
You hit the jelly.
You kill the jelly!
The jelly hits you but does no damage. x2
You barely miss the jelly. The jelly hits you. The acid corrodes you!
You are splashed with acid!
You sock the jelly!
Your hands burn!
* * * LOW HITPOINT WARNING * * *
The jelly is heavily wounded.
You block the jelly's attack.
You barely miss the jelly.
The jelly is moderately wounded.
You block the jelly's attack.
You hit the jelly. The acid corrodes you!
Your hands burn!
* * * LOW HITPOINT WARNING * * *
The jelly is severely wounded.
The jelly hits you but does no damage. The jelly hits you.
* * * LOW HITPOINT WARNING * * *
You are splashed with acid!
* * * LOW HITPOINT WARNING * * *
You barely miss the jelly.
The jelly is severely wounded.
The jelly hits you.
* * * LOW HITPOINT WARNING * * *
You are splashed with acid!
You die...

##### ##..[##
###....~###
##~~~~~.~J~##
##~..~.#~@..~#
####
#..†#######~~~.#
#~~.####.~######
#~~~#
..~~.##~~~#~.~.##
#.~#
#.~.#.†...~~.∩#
.~..
#.~.~..~.##.~.#
~~~ ##†~~~~~~~##
# . #.~~~##...#
##†~..~##[##


You could see a jelly.

Vanquished Creatures
  An ogre (D:5)
  2 jellies (Sewer)
  2 iguanas
  Robin (D:2)
  8 adders
  2 river rats
  A dart slug (D:1)
  11 ball pythons
  11 bats
  7 endoplasms
  10 giant cockroaches
  13 goblins
  9 hobgoblins
  6 jackals
  8 kobolds
  4 quokkas
  8 frilled lizards
  6 rats
110 creatures vanquished.

Notes
Turn   | Place    | Note
-------+----------+-------------------------------------------
     0 | D:1      | AdnanSaban the Gargoyle Fighter began the quest for the
                  | Orb.
     0 | D:1      | Reached XP level 1. HP: 14/14 MP: 1/1
    68 | D:1      | Reached XP level 2. HP: 19/19 MP: 2/2
   376 | D:1      | Found a faded altar of an unknown god.
   549 | D:1      | Reached XP level 3. HP: 24/24 MP: 3/3
  1437 | D:2      | Reached XP level 4. HP: 29/29 MP: 4/4
  1492 | D:2      | Noticed Robin
  1552 | D:2      | Killed Robin
  1760 | D:3      | Reached XP level 5. HP: 33/33 MP: 5/5
  1990 | D:3      | You fall into a shaft and drop 1 floor!
  3079 | D:5      | Entered Level 5 of the Dungeon
  3121 | D:5      | Noticed an ogre
  3173 | D:5      | Reached XP level 6. HP: 39/39 MP: 6/6
  3418 | D:5      | Found a glowing drain.
  3427 | Sewer    | Entered a sewer
  3670 | Sewer    | HP: 2/40 [acid (8)]
  3671 | Sewer    | Splashed by a jelly's acid

Illustrated notes

Levels and vault maps discovered:
D:1:      tarquinn_simple_flora_water_d, layout_loops_corners,
          basic_ecumenical_altar, fountainhead, minmay_strange_pillars,
          grunt_decor_mini_mirrors, nicolae_figureground_sparkle
D:2:      layout_basic, minmay_misc_feat_cross, uniq_robin
D:3:      layout_loops_ring, grunt_decor_clamped
D:4:      layout_loops_cross
D:5:      cheibrodos_barr_body, layout_loops_cross,
          nicolae_overflow_two_pavilions, fedhas_altar_3, portal_sewer_entry_b
Sewer:    sewer_hellmonk_slimy_pipes

Skill      XL: |  1  2  3  4  5 |
---------------+----------------+-----
Maces & Flails | 3 4 |  4.5
Shields        | 4 |  4.7
Fighting       | 4 |  4.9
Armour         | 4 |  4.5

Action                     |  1- 3 |  4- 6 || total
---------------------------+-------+-------++-------
  Melee: Flail             |   119 |   284 ||   403
 Armour: Scale mail        |     7 |       ||     7
         Plate armour      |    81 |   191 ||   272
  Dodge: Dodged            |    27 |    51 ||    78
  Block: Buckler           |     5 |       ||     5
         Kite shield       |    53 |   110 ||   163

Table legend: (Time is in decaauts)
 A = Elapsed time spent in this place.
 B = Non-inter-level travel time spent in this place.
 C = Inter-level travel time spent in this place.
 D = Time resting spent in this place.
 E = Time spent auto-exploring this place.
 F = Levels seen in this place.
 G = Mean time per level.
                   A        B        C        D        E       F      G
               +--------+--------+--------+--------+--------+-----+--------+
         Total |   3825 |   3702 |    123 |    119 |   2658 |   6 |  637.5 |
       Dungeon |   3547 |   3424 |    123 |    109 |   2542 |   5 |  709.4 |
         Sewer |    277 |    277 |      0 |     10 |    116 |   1 |  277.0 |
               +--------+--------+--------+--------+--------+-----+--------+

Top non-repeatable levels by time:
     D:1: 904 daAuts
     D:2: 853 daAuts
     D:3: 752 daAuts
     D:4: 695 daAuts
     D:5: 341 daAuts
   Sewer: 277 daAuts
